 Dungeon Crawl Stone Soup version 0.19-a0-1442-g3b32ff5 (webtiles) character file.

165144 jacquesderrida the Black Belt (level 16, -3/131 HPs)
             Began as a Demonspawn Warper on Sept 3, 2016.
             Was the Champion of Makhleb.
             Hit by a javelin thrown by a merfolk javelineer (24 damage)
             ... on level 4 of the Shoals on Sept 5, 2016.
             The game lasted 02:08:59 (16549 turns).

jacquesderrida the Black Belt (Demonspawn Warper)  Turns: 16549, Time: 02:08:59

Health: -3/131     AC: 26    Str: 12    XL:     16   Next: 68%
Magic:  34/34      EV: 19    Int: 15    God:    Makhleb [******]
Gold:   1421       SH:  8    Dex: 14    Spells: 3 memorised, 12 levels left

rFire  + + .     SeeInvis +       - Unarmed
rCold  . . .     Gourm    .     Q - +6 fire dragon armour "Gulapnoy" {rPois rF++ rC- Regen+ MP+9 Int-3}
rNeg   . . .     Faith    .     F - +3 warlock's mirror {reflect}
rPois  +         Spirit   .     r - +2 helmet
rElec  .         Dismiss  .     R - +1 cloak {rPois}
rCorr  .         Reflect  +     (no gloves)
MR     +....     Harm     .     U - +2 pair of boots {Fly}
Stlth  ..........               O - amulet of regeneration
                                o - +5 ring of evasion
                                X - ring of see invisible

@: lethally poisoned (-3 -> -3), flying, mesmerised
A: claws 2, clumsy 1, cold resistance 1, foul stench 2, rot immunity, freezing
cloud immunity, sturdy frame 2
a: Minor Destruction, Lesser Servant of Makhleb, Major Destruction, Greater
Servant of Makhleb, Renounce Religion, Stop Flying
}: 2/15 runes: barnacled, gossamer


You were on level 4 of the Shoals.
You worshipped Makhleb.
Makhleb was exalted by your worship.
You were full.

You visited 7 branches of the dungeon, and saw 32 of its levels.
You also visited: Labyrinth and Ossuary.

You collected 2034 gold pieces.
You spent 613 gold pieces at shops.

Inventory:

Missiles
 d - 17 tomahawks
 e - 10 tomahawks of dispersal
 n - 5 poisoned tomahawks
 Y - 5 throwing nets (quivered)
Armour
 a - the cursed +0 crystal plate armour of the Armoured One {-Cast +Blink MR+ Regen+}
   (You found it on level 3 of the Shoals)

   It affects your resistance to hostile enchantments.
   It lets you blink.
   It prevents spellcasting.
   It increases your rate of regeneration.
   It has a curse placed upon it.
 r - a +2 helmet (worn)
 F - the +3 warlock's mirror (worn) {reflect}
   (You took it off an orc on level 11 of the Dungeon)
 Q - the +6 fire dragon armour "Gulapnoy" (worn) {rPois rF++ rC- Regen+ MP+9 Int-3}
   (You found it in a labyrinth)

   It affects your intelligence (-3).
   It greatly protects you from fire.
   It makes you vulnerable to cold.
   It protects you from poison.
   It affects your magic capacity (+9).
   It increases your rate of regeneration.
 R - a +1 cloak of poison resistance (worn)
 U - a +2 pair of boots of flying (worn)
 W - the +5 scale mail of Tempters {rF++ rC- MR+++}
   (You found it on level 2 of the Lair of Beasts)

   It greatly protects you from fire.
   It makes you vulnerable to cold.
   It affects your resistance to hostile enchantments.
Rods
 b - a +7 rod of shadows (12/12)
   (You found it in a labyrinth)
Jewellery
 i - the cursed necklace of Bloodlust {*Rage +Rage MR+ Int-3 Slay+3 *Curse}
   (You found it on level 1 of the Spider Nest)

   [amulet of rage]

   It affects your intelligence (-3).
   It affects your accuracy and damage with ranged weapons and melee attacks
   (+3).
   It affects your resistance to hostile enchantments.
   It lets you go berserk.
   It may make you go berserk in combat.
   It may re-curse itself when equipped.
   It has a curse placed upon it.
 o - a +5 ring of evasion (right claw)
 D - an uncursed ring of stealth
 I - an uncursed amulet of rage
 O - an amulet of regeneration (around neck)
 X - a ring of see invisible (left claw)
Wands
 k - a wand of paralysis (4/24)
 l - a wand of polymorph (0/24)
 T - a wand of digging (16/24)
Scrolls
 j - 5 scrolls of remove curse
 p - a scroll of enchant weapon
 y - 4 scrolls of recharging
 z - 6 scrolls of enchant armour
 A - 2 scrolls of immolation
 E - 4 scrolls of magic mapping
 L - a scroll of silence {unknown}
 N - 8 scrolls of identify
 P - 5 scrolls of amnesia
 S - 4 scrolls of fog
Potions
 g - 3 potions of haste
 m - 2 potions of invisibility
 q - a potion of might
 s - 2 potions of curing
 t - 4 potions of ambrosia
 B - a potion of cure mutation
 H - a potion of agility
 M - 2 potions of brilliance
 Z - a potion of berserk rage
Books
 c - a book of Spatial Translocations

   Spells                             Type                      Level
   a - Apportation                    Translocation                1
   b - Blink                          Translocation                2
   c - Shroud of Golubria             Charms/Translocation         2
   d - Portal Projectile              Translocation                3
   e - Teleport Other                 Translocation                3
   f - Passage of Golubria            Translocation                4
 u - a book of the Dragon

   Spells                             Type                      Level
   a - Flame Tongue                   Conjuration/Fire             1
   b - Cause Fear                     Hexes                        4
   c - Bolt of Fire                   Conjuration/Fire             6
   d - Dragon Form                    Transmutation                7
   e - Dragon's Call                  Summoning                    9
 v - a book of Enchantments

   Spells                             Type                      Level
   a - Cause Fear                     Hexes                        4
   b - Yara's Violent Unravelling     Hexes/Transmutation          5
   c - Silence                        Hexes/Air                    5
   d - Deflect Missiles               Charms/Air                   6
   e - Haste                          Charms                       6
   f - Discord                        Hexes                        8
 C - a book of Misfortune

   Spells                             Type                      Level
   a - Confusing Touch                Hexes                        1
   b - Confuse                        Hexes                        3
   c - Gell's Gravitas                Hexes/Translocation          3
   d - Petrify                        Transmutation/Earth          4
   e - Metabolic Englaciation         Hexes/Ice                    5
   f - Yara's Violent Unravelling     Hexes/Transmutation          5
 J - a book of Frost

   Spells                             Type                      Level
   a - Freeze                         Ice                          1
   b - Throw Frost                    Conjuration/Ice              2
   c - Ozocubu's Armour               Charms/Ice                   3
   d - Throw Icicle                   Conjuration/Ice              4
   e - Summon Ice Beast               Ice/Summoning                4
 K - a Fen Folio

   Spells                             Type                      Level
   a - Corpse Rot                     Necromancy                   2
   b - Stone Arrow                    Conjuration/Earth            3
   c - Leda's Liquefaction            Hexes/Earth                  4
   d - Summon Forest                  Summoning/Translocation      5
   e - Hydra Form                     Transmutation                6
   f - Summon Hydra                   Summoning                    7
Miscellaneous
 V - a lamp of fire (inert)
Comestibles
 f - 3 bread rations
 x - 11 meat rations


   Skills:
 + Level 13.2 Fighting
   Level 11.6 Long Blades
 - Level 0.8 Throwing
 - Level 9.6 Armour
 - Level 8.7 Dodging
 - Level 5.7 Shields
 * Level 15.4 Unarmed Combat
 - Level 2.0 Spellcasting
 - Level 2.6 Translocations
 + Level 12.1 Invocations
 - Level 2.4 Evocations


You had 12 spell levels left.
You knew the following spells:

 Your Spells              Type           Power        Failure   Level  Hunger
a - Apportation           Tloc           #.........   17%         1    #......
b - Blink                 Tloc           N/A          24%         2    ###....
c - Passage of Golubria   Tloc           N/A          97%         4    #####..


Dungeon Overview and Level Annotations

Branches:
Dungeon (14/15)            Temple (1/1) D:6            Lair (6/6) D:10
 Shoals (4/4) Lair:4       Spider (4/4) Lair:4        Slime (0/5) Lair:6
    Orc (2/2) D:11            Elf (1/3) Orc:2
 Vaults: D:13-14

Altars:
Dithmenos
Elyvilon
Fedhas
Gozag
Hepliaklqana
Makhleb
Qazlal
Sif Muna
Xom
Zin
The Shining One
Jiyva

Shops:
D:5 %   D:10 [   Orc:2 %[?[   Shoals:1 *   Shoals:2 *

Portals:
Desolation: Elf:1

Annotations:
D:4 Dowan, Duvessa
Shoals:1 exclusion: oklob plant, Roxanne


Innate Abilities, Weirdness & Mutations

You have very sharp fingernails.
Your flesh is cold resistant. (rC+)
You frequently emit foul miasma when damaged in melee.
You are immune to rotting.
You are immune to freezing clouds.
Your movements are less encumbered by armour. (ER -4)
You are clumsy. (Dex -2)


Message History

Aim: a merfolk avatar (grey smoke, water, severely wounded, mesmerising) Attack!
You feel sick.
Your ufetubus hits the merfolk avatar. x2
Your ynoxinul closely misses the merfolk avatar.
The merfolk avatar chants its luring song.
Your ufetubus hits the merfolk avatar but does no damage.
Your ufetubus splashes around in the water. x2
Your ufetubus barely misses the merfolk avatar.
Your ufetubus splashes around in the water. x2
Unknown command.
Your ynoxinul closely misses the merfolk avatar.
Your ufetubus barely misses the merfolk avatar.
Your ufetubus hits the merfolk avatar.
Your ufetubus hits the merfolk avatar but does no damage.
Your ufetubus closely misses the merfolk avatar.
Your ufetubus hits the merfolk avatar but does no damage.
Your ufetubus hits the merfolk avatar.
The merfolk avatar chants its luring song.
The merfolk javelineer throws a javelin.
The javelin hits you!!
You die...

#≈#≈≈≈≈≈≈≈#≈≈≈≈#..≈##≈≈.≈#..≈≈≈≈≈
#≈≈≈≈≈#≈≈≈.≈≈≈≈#..#≈≈≈..≈#..≈≈≈≈≈
≈#≈≈#≈≈≈≈.#≈≈≈≈#≈..≈≈.:#≈#.≈≈≈≈≈≈
≈≈#≈≈≈≈≈##≈≈≈≈≈##≈....#≈##≈≈≈≈≈≈≈
≈≈≈######≈≈≈≈≈≈≈#.≈≈≈≈≈##.≈PP(≈≈≈
.≈m≈≈≈≈≈≈≈≈≈≈≈≈≈≈######.PP≈≈≈≈≈≈≈
..≈(≈≈≈≈≈≈≈≈≈≈≈≈≈.## #PP.P≈PPP≈≈≈
.)(≈≈≈≈≈≈≈≈≈≈W..≈./# #.≈≈P≈≈≈≈≈≈≈
...≈≈≈≈≈≈≈≈≈≈≈W≈@..# #.P(≈≈≈≈≈≈≈≈
....≈≈≈≈≈≈≈≈≈≈.≈...###.≈≈≈≈≈≈≈≈≈(
.....≈≈≈≈≈≈≈5≈≈....##..≈≈≈≈≈≈≈≈P<
......≈.≈≈≈m55§§.......≈≈≈≈≈≈≈≈##
.≈≈#######≈35§m§.≈....≈≈≈≈≈≈≈≈.#
≈(## ##5≈§§§§.....≈≈....≈≈.## ≈##
##§§§§...##....##...... .#
#≈§§§§.............≈≈≈ .#
#≈§§§................≈


You could see a merfolk avatar, a merfolk javelineer, 2 drowned souls, a
friendly ynoxinul and 5 friendly ufetubi.

Vanquished Creatures
  2 krakens
  Agnes (Spider:1)
  An orc warlord (Orc:1)
  3 ghost moths (Spider:4)
  An emperor scorpion (Spider:4)
  2 spark wasps (Spider:4)
  The ghost of ThereIsNoGod the Severer, a journeyman MiGl of Makhleb (Lair:2)
  8 merfolk javelineers
  4 dire elephants (Lair:6)
  6 merfolk impalers
  The ghost of Conn321 the Arsonist, a journeyman DEFE of Sif Muna (Lair:2)
  A merfolk avatar (Shoals:4)
  A catoblepas (Lair:6)
  An anaconda (Lair:6)
  A centaur warrior (D:13)
  A merfolk aquamancer (Shoals:4)
  A satyr (Shoals:2)
  The ghost of Nattefrost the Spear-Bearer, a novice MfGl of Okawaru (D:9)
  8 death yaks
  Urug (Lair:5)
  3 orc high priests
  2 deep elf knights (Elf:1)
  An unseen horror (D:10)
  12 sea snakes
  A deep elf archer (Elf:1)
  3 orc knights (Orc:1)
  2 lindwurms (Lair:6)
  4 harpies (Shoals:2)
  A hill giant (D:13)
  11 deep elf magi
  14 wolf spiders
  10 orb spiders
  7 manticores
  7 griffons
  4 orc sorcerers (Orc:2)
  4 hornets
  A cyclops (Shoals:3)
  11 fauns
  3 sirens (Shoals:4)
  A black mamba (Lair:6)
  12 elephants
  5 water nymphs (Shoals:4)
  6 spiny frogs
  6 komodo dragons
  8 demonic crawlers
  27 merfolk
  2 wind drakes
  A troll (D:13)
  3 polar bears (Lair:5)
  8 jumping spiders
  A minotaur skeleton (Lab)
  A two-headed ogre (D:8)
  24 dream sheep
  A boulder beetle (Spider:3)
  A meliai zombie (D:13)
  6 snapping turtles
  24 redbacks
  An air elemental (Orc:2)
  2 wraiths (D:13)
  22 tarantellas
  A wyvern (D:8)
  14 yaks
  7 water elementals
  A basilisk (D:13)
  5 hungry ghosts
  A steam dragon (D:9)
  5 hippogriffs
  A mottled dragon (D:10)
  2 wargs
  6 water moccasins
  3 porcupines
  2 eyes of draining
  4 ice beasts
  A wasp (Spider:4)
  A sky beast (D:9)
  10 orc warriors
  A phantom (D:7)
  6 ogres
  9 centaurs
  4 crocodiles
  3 wolves (Lair:4)
  9 giant frogs
  3 elf zombies (Ossuary)
  A scorpion (Lair:4)
  8 killer bees
  3 wights (D:9)
  5 howler monkeys
  2 crimson imps
  2 centaur zombies
  6 hounds
  4 jellies
  A giant frog zombie (D:11)
  15 orc wizards
  9 orc priests
  A giant frog skeleton (D:13)
  Jessica (D:5)
  8 iguanas
  6 worker ants
  3 mummies (Ossuary)
  3 hound zombies (Ossuary)
  A hound skeleton (D:7)
  A howler monkey zombie (D:7)
  6 adders
  2 gnolls (D:5)
  28 river rats
  5 oozes (D:8)
  3 adder zombies
  2 adder skeletons
  3 worms (Lair:4)
  2 giant geckos
  58 orcs
  3 giant cockroaches
  A gnoll zombie (Ossuary)
  4 goblins
  5 hobgoblins
  9 jackals
  5 quokkas
  A bat (D:3)
  A giant gecko zombie (D:7)
  2 giant newts
  3 goblin zombies (Ossuary)
  4 hobgoblin zombies (Ossuary)
  3 jackal zombies (Ossuary)
  6 kobolds
  4 kobold zombies (Ossuary)
  2 orc zombies (Ossuary)
  3 rats
  4 rat zombies (Ossuary)
  3 plants (Lair:6)
  4 tentacles
664 creatures vanquished.

Vanquished Creatures (collateral kills)
  A ghost moth (Spider:2)
  Louise (Spider:2)
  An emperor scorpion (Spider:4)
  An entropy weaver (Spider:4)
  A dire elephant (Lair:6)
  A spark wasp (Spider:4)
  A merfolk javelineer (Shoals:4)
  A minotaur (Lab)
  A hydra (Lair:1)
  A merfolk aquamancer (Shoals:4)
  An alligator snapping turtle (Shoals:4)
  2 lindwurms (Lair:6)
  A hill giant (D:11)
  3 orc knights
  3 orb spiders
  A deep elf mage (Elf:1)
  A hornet (Spider:4)
  An orc sorcerer (Orc:2)
  3 wolf spiders
  A black mamba (Lair:1)
  A gargoyle (D:11)
  A spiny frog (Lair:2)
  A komodo dragon (Lair:6)
  2 trolls
  4 jumping spiders (Spider:4)
  A two-headed ogre (D:9)
  A dream sheep (Lair:6)
  2 tarantellas (Spider:4)
  2 redbacks (Spider:4)
  3 yaks (Lair:1)
  A warg (Orc:1)
  A water moccasin (Lair:6)
  A porcupine (Lair:2)
  7 orc warriors
  A phantom (D:9)
  A black bear (D:8)
  A necrophage (D:11)
  3 ogres
  3 centaurs (D:11)
  2 crocodiles (Lair:1)
  A big kobold (D:11)
  A giant frog (D:10)
  2 killer bees (D:10)
  A jelly (D:8)
  2 orc priests
  6 orc wizards
  A worker ant (D:8)
  An iguana (Lair:1)
  A worker ant zombie (D:11)
  18 orcs
  A goblin (D:11)
  A plant (Lair:6)
102 creatures vanquished.

Vanquished Creatures (others)
  Ilsuiw (Shoals:4)
  A troll (D:9)
  A merfolk (Shoals:4)
  A redback (Spider:4)
  An orc warrior (D:9)
  A centaur (D:9)
  A scorpion (D:9)
  An orc priest (D:12)
  An iguana (D:9)
  An adder (D:9)
  3 fungi (Lair:6)
  9 plants
  47 tentacles
69 creatures vanquished.

Grand Total: 835 creatures vanquished

Notes
Turn   | Place    | Note
-------+----------+-------------------------------------------
     0 | D:1      | jacquesderrida the Demonspawn Warper began the quest for the Orb.
     0 | D:1      | Reached XP level 1. HP: 16/16 MP: 3/3
   157 | D:3      | Noticed a hound
   169 | D:3      | Killed a hound
   169 | D:3      | Gained mutation: Your movements are slightly less encumbered by armour. (ER -2) [demonic ancestry]
   169 | D:3      | Reached XP level 2. HP: 5/22 MP: 5/5
   169 | D:3      | Gained mutation: Your movements are less encumbered by armour. (ER -4) [demonic ancestry]
   169 | D:3      | Reached XP level 3. HP: 6/27 MP: 6/6
   172 | D:3      | Found a burning altar of Makhleb.
   180 | D:3      | Became a worshipper of Makhleb the Destroyer
   499 | D:3      | Gained mutation: You are immune to rotting. [demonic ancestry]
   499 | D:3      | Reached XP level 4. HP: 6/34 MP: 7/7
   811 | D:4      | Found a shadowy altar of Dithmenos.
   875 | D:4      | Noticed an ogre
   906 | D:4      | Killed an ogre
   906 | D:4      | Gained mutation: Your flesh is cold resistant. (rC+) [demonic ancestry]
   906 | D:4      | Reached XP level 5. HP: 28/41 MP: 8/8
  1058 | D:4      | Found a glowing golden altar of the Shining One.
  1135 | D:4      | Learned a level 2 spell: Blink
  1140 | D:4      | Learned a level 4 spell: Passage of Golubria
  1148 | D:4      | Noticed Dowan
  1148 | D:4      | Noticed Duvessa
  1215 | D:5      | Entered Level 5 of the Dungeon
  1241 | D:5      | Reached * piety under Makhleb
  1282 | D:5      | Reached XP level 6. HP: 48/48 MP: 9/9
  1334 | D:5      | Noticed an ice beast
  1344 | D:5      | Noticed Jessica
  1362 | D:5      | Killed Jessica
  1372 | D:5      | Found a deep blue altar of Sif Muna.
  1417 | D:5      | Killed an ice beast
  1417 | D:5      | Reached skill level 5 in Long Blades
  1532 | D:5      | Found a sand-covered staircase.
  1541 | Ossuary  | Entered an ossuary
  1561 | Ossuary  | Reached ** piety under Makhleb
  1686 | Ossuary  | Reached skill level 1 in Invocations
  1686 | Ossuary  | Gained mutation: You may emit foul miasma when damaged in melee. [demonic ancestry]
  1686 | Ossuary  | Reached XP level 7. HP: 33/55 MP: 6/10
  2009 | D:5      | Found Plog's Food Boutique.
  2097 | D:5      | Reached skill level 5 in Fighting
  2136 | D:5      | Reached *** piety under Makhleb
  2236 | D:5      | Found a glowing silver altar of Zin.
  2301 | D:5      | Reached XP level 8. HP: 62/62 MP: 9/11
  2326 | D:6      | Found a staircase to the Ecumenical Temple.
  2338 | Temple   | Entered the Ecumenical Temple
  2625 | D:6      | Found a hazy altar of Hepliaklqana.
  2671 | D:6      | Reached skill level 1 in Armour
  2844 | D:7      | Reached skill level 5 in Invocations
  2934 | D:7      | Reached **** piety under Makhleb
  3048 | D:7      | Gained mutation: You are immune to freezing clouds. [demonic ancestry]
  3048 | D:7      | Reached XP level 9. HP: 58/69 MP: 9/13
  3287 | D:8      | Found a blossoming altar of Fedhas.
  3503 | D:9      | Killed a troll
  3672 | D:9      | Noticed Nattefrost's ghost (novice MfGl)
  3710 | D:10     | Entered Level 10 of the Dungeon
  3767 | D:11     | Noticed a troll
  3781 | D:11     | Killed a troll
  3879 | D:11     | Noticed a hill giant
  3914 | D:11     | Killed a hill giant
  3914 | D:11     | Reached XP level 10. HP: 10/79 MP: 5/16
  4038 | D:11     | Noticed a gargoyle
  4054 | D:11     | Killed a gargoyle
  4164 | D:11     | Reached skill level 5 in Armour
  4303 | D:11     | Found a stormy altar of Qazlal.
  4511 | D:12     | Found a labyrinth entrance.
  4517 | Lab      | Entered a labyrinth
  4577 | Lab      | Reached skill level 1 in Shields
  4957 | Lab      | Noticed a minotaur
  4980 | Lab      | Killed a minotaur
  4984 | Lab      | Got a shimmering spear {antimagic}
  4985 | Lab      | Identified the +9 spear of Resumed Hostilities {antimagic, rElec} (You took it off a minotaur in a labyrinth)
  4992 | Lab      | Got a scorched fire dragon armour
  5003 | Lab      | Identified the +6 fire dragon armour "Gulapnoy" {rPois rF++ rC- Regen+ MP+9 Int-3} (You found it in a labyrinth)
  5005 | Lab      | Identified a +7 rod of shadows (12/12) (You found it in a labyrinth)
  5231 | D:13     | Noticed a hill giant
  5241 | D:13     | Killed a hill giant
  5382 | D:13     | Noticed a centaur warrior
  5400 | D:13     | Killed a centaur warrior
  5400 | D:13     | Gained mutation: You frequently emit foul miasma when damaged in melee. [demonic ancestry]
  5400 | D:13     | Reached XP level 11. HP: 87/87 MP: 17/17
  5511 | D:13     | Noticed a deep elf mage
  5512 | D:13     | Noticed a deep elf knight
  5558 | D:13     | Killed a deep elf mage
  5714 | D:13     | Noticed a deep elf mage
  5727 | D:13     | Noticed a soul eater
  5727 | D:13     | Killed a deep elf mage
  5727 | D:13     | Reached skill level 10 in Long Blades
  5783 | D:11     | Found a staircase to the Orcish Mines.
  5805 | Orc:1    | Entered Level 1 of the Orcish Mines
  5808 | Orc:1    | Noticed an orc knight
  5838 | D:11     | Killed an orc knight
  5838 | D:11     | Reached skill level 5 in Dodging
  5871 | Orc:1    | Noticed an orc warlord
  5899 | Orc:1    | Killed an orc warlord
  6017 | Orc:2    | Entered Level 2 of the Orcish Mines
  6017 | Orc:2    | Noticed an orc sorcerer
  6023 | Orc:2    | Paralysed by an orc sorcerer for 3 turns
  6025 | Orc:2    | Noticed an orc knight
  6026 | Orc:2    | Killed an orc sorcerer
  6052 | Orc:2    | Killed an orc knight
  6052 | Orc:2    | Reached skill level 5 in Shields
  6221 | Orc:2    | Found a staircase to the Elven Halls.
  6257 | Elf:1    | Entered Level 1 of the Elven Halls
  6257 | Elf:1    | Noticed a deep elf mage
  6257 | Elf:1    | Noticed a deep elf mage
  6257 | Elf:1    | Noticed a deep elf mage
  6257 | Elf:1    | Noticed a deep elf mage
  6257 | Elf:1    | Noticed a deep elf mage
  6257 | Elf:1    | Noticed a deep elf mage
  6262 | Elf:1    | Noticed a deep elf mage
  6263 | Elf:1    | Killed a deep elf mage
  6273 | Elf:1    | Killed a deep elf mage
  6280 | Orc:2    | Killed a deep elf mage
  6294 | Orc:2    | Killed a deep elf mage
  6324 | Elf:1    | Killed a deep elf mage
  6333 | Elf:1    | Killed a deep elf mage
  6333 | Elf:1    | Gained mutation: You have sharp fingernails. [demonic ancestry]
  6333 | Elf:1    | Reached XP level 12. HP: 78/94 MP: 10/18
  6341 | Elf:1    | Identified a scroll of acquirement
  6505 | Elf:1    | Found a glowing golden altar of the Shining One.
  6505 | Elf:1    | Found a glowing silver altar of Zin.
  6505 | Elf:1    | Noticed an angel
  6507 | Elf:1    | Found a ruined gateway.
  6507 | Elf:1    | Noticed an angel
  6518 | Elf:1    | Found a white marble altar of Elyvilon.
  6775 | Orc:2    | Noticed an orc high priest
  6775 | Orc:2    | Noticed an orc high priest
  6775 | Orc:2    | Noticed an orc high priest
  6883 | Orc:2    | Paralysed by an orc sorcerer for 2 turns
  6893 | Orc:2    | Killed an orc high priest
  6957 | Orc:2    | Killed an orc high priest
  6979 | Orc:2    | Gained mutation: You are clumsy. (Dex -2) [a neqoxec]
  7131 | Orc:1    | Killed an orc high priest
  7260 | Orc:2    | Reached skill level 1 in Evocations
  7283 | Orc:2    | Found Hantit's Antique Armour Boutique.
  7283 | Orc:2    | Found Pulixac's Magic Scroll Boutique.
  7284 | Orc:2    | Found Kops's Antique Armour Emporium.
  7284 | Orc:2    | Found Akiorgh's Food Emporium.
  7304 | Orc:2    | Bought a scroll of teleportation for 48 gold pieces
  7304 | Orc:2    | Bought a scroll of identify for 32 gold pieces
  7304 | Orc:2    | Bought a scroll of fog for 32 gold pieces
  7304 | Orc:2    | Bought a scroll of identify for 32 gold pieces
  7304 | Orc:2    | Bought a scroll of identify for 32 gold pieces
  7304 | Orc:2    | Bought a scroll of identify for 32 gold pieces
  7304 | Orc:2    | Bought a scroll of identify for 32 gold pieces
  7316 | Orc:2    | Bought an embroidered cloak for 135 gold pieces
  7329 | Orc:2    | Bought a helmet for 135 gold pieces
  7543 | D:10     | Found Asyqis's Antique Armour Boutique.
  7562 | D:10     | Bought a runed helmet for 103 gold pieces
  7783 | D:9      | Killed Nattefrost's ghost
  7783 | D:9      | Reached skill level 10 in Fighting
  7936 | D:9      | LEIR PLS
  8010 | D:9      | Reeeeeeeeeeeeeeeeee
  8161 | D:9      | Found a shimmering altar of Xom.
  8268 | D:9      | MRAZI
  8345 | D:10     | Reached ***** piety under Makhleb
  8398 | D:10     | Gained mutation: You have very sharp fingernails. [demonic ancestry]
  8398 | D:10     | Reached XP level 13. HP: 103/103 MP: 19/19
  8406 | D:10     | Found a staircase to the Lair.
  8429 | Lair:1   | Entered Level 1 of the Lair of Beasts
  8608 | Lair:1   | Reached skill level 1 in Unarmed Combat
  8764 | Lair:2   | Noticed ThereIsNoGod's ghost (journeyman MiGl)
  8822 | Lair:2   | Killed ThereIsNoGod's ghost
  8822 | Lair:2   | Reached skill level 2 in Unarmed Combat
  8846 | Lair:2   | Reached skill level 3 in Unarmed Combat
  8912 | Lair:2   | Got a jewelled scale mail
  8920 | Lair:2   | Identified the +5 scale mail of Tempters {rF++ rC- MR+++} (You found it on level 2 of the Lair of Beasts)
  9084 | Lair:3   | Reached skill level 4 in Unarmed Combat
  9164 | Lair:2   | Noticed Conn321's ghost (journeyman DEFE)
  9200 | Lair:2   | Killed Conn321's ghost
  9206 | Lair:2   | Got an iridescent quick blade
  9207 | Lair:2   | Identified the +6 quick blade of Valour {antimagic, rN+ MR+} (You found it on level 2 of the Lair of Beasts)
  9519 | Lair:5   | Reached skill level 5 in Unarmed Combat
  9535 | Lair:5   | Noticed Urug
  9557 | Lair:5   | Killed Urug
  9557 | Lair:5   | Reached skill level 6 in Unarmed Combat
  9670 | Lair:6   | Entered Level 6 of the Lair of Beasts
  9706 | Lair:6   | Reached skill level 7 in Unarmed Combat
  9862 | Lair:6   | Reached skill level 8 in Unarmed Combat
  9894 | Lair:6   | Found a viscous altar of Jiyva.
  9894 | Lair:6   | Found a staircase to the Slime Pits.
  9991 | Lair:6   | Reached skill level 9 in Unarmed Combat
 10265 | Lair:6   | Reached XP level 14. HP: 104/110 MP: 20/20
 10426 | Lair:6   | Reached skill level 10 in Unarmed Combat
 10485 | Lair:6   | Got a heavily runed ice dragon armour
 10497 | Lair:6   | Identified the +2 ice dragon armour of the Beekeeper {rF- rC++ rCorr Int+3 SInv} (You found it on level 6 of the Lair of Beasts)
 10779 | Lair:6   | Reached skill level 11 in Unarmed Combat
 11035 | Lair:4   | Found a hole to the Spider Nest.
 11060 | Spider:1 | Entered Level 1 of the Spider Nest
 11141 | Spider:1 | Upgraded the game from 0.19-a0-1384-gbb462ca to 0.19-a0-1401-g902f63d
 11141 | Spider:1 | Upgraded the game from 0.19-a0-1401-g902f63d to 0.19-a0-1442-g3b32ff5
 11503 | Spider:1 | Reached ****** piety under Makhleb
 11551 | Spider:1 | Noticed Agnes
 11563 | Spider:1 | Killed Agnes
 11682 | Spider:2 | Noticed Louise
 11712 | Spider:2 | Killed Louise
 11732 | Spider:2 | Noticed a ghost moth
 11741 | Spider:2 | Killed a ghost moth
 11996 | Spider:4 | Entered Level 4 of the Spider Nest
 11998 | Spider:4 | Noticed an emperor scorpion
 12038 | Spider:4 | Killed an emperor scorpion
 12081 | Spider:4 | Reached skill level 12 in Unarmed Combat
 12108 | Spider:4 | Noticed an entropy weaver
 12146 | Spider:4 | Killed an entropy weaver
 12374 | Spider:4 | Reached XP level 15. HP: 118/118 MP: 21/21
 12383 | Spider:4 | Noticed a ghost moth
 12398 | Spider:4 | Killed a ghost moth
 12693 | Spider:4 | Noticed a ghost moth
 12712 | Spider:4 | Killed a ghost moth
 12780 | Spider:4 | Noticed a ghost moth
 12781 | Spider:4 | Noticed a ghost moth
 12868 | Spider:4 | Reached skill level 13 in Unarmed Combat
 13291 | Spider:4 | Killed a ghost moth
 13373 | Spider:4 | Got a gossamer rune of Zot
 13735 | Lair:4   | Found a staircase to the Shoals.
 13779 | Shoals:1 | Entered Level 1 of the Shoals
 13860 | Shoals:1 | Noticed Roxanne
 13898 | Shoals:1 | Found an opulent altar of Gozag.
 13915 | Shoals:1 | Found Tezxiu's Assorted Antiques.
 14016 | Shoals:2 | Found Raupteuqi's Retail Resort.
 14222 | Shoals:2 | Reached skill level 14 in Unarmed Combat
 14503 | Shoals:3 | Reached skill level 10 in Invocations
 14545 | Shoals:3 | Noticed a kraken
 14713 | Shoals:3 | Killed a kraken
 14840 | Shoals:3 | Reached XP level 16. HP: 108/129 MP: 23/23
 15026 | Shoals:4 | Entered Level 4 of the Shoals
 15028 | Shoals:4 | Noticed Ilsuiw
 15267 | Shoals:4 | Got a crude great sword
 15273 | Shoals:4 | Identified the +7 great sword of Peril {speed, Str+4} (You found it on level 4 of the Shoals)
 15480 | Shoals:3 | Got a twisted crystal plate armour
 15481 | Shoals:3 | Identified the cursed +0 crystal plate armour of the Armoured One {-Cast +Blink MR+ Regen+} (You found it on level 3 of the Shoals)
 15921 | Shoals:4 | Reached skill level 15 in Unarmed Combat
 16381 | Shoals:4 | Noticed a kraken
 16410 | Shoals:4 | Killed Ilsuiw
 16476 | Shoals:4 | Killed a kraken
 16499 | Shoals:4 | Got a barnacled rune of Zot
 16549 | Shoals:4 | Hit by a javelin thrown by a merfolk javelineer

Vault maps used:
D:1:      dpeg_arrival_arbitrary_c
D:2:      bloody_trog, evilmike_ruin_ashenzari, kennysheep_minor_cross
D:3:      makhleb_heckhound_becter, first_bread
D:4:      nicolae_dithmenos_shadow_blocks, nicolae_tso_carved_into_rock,
          uniq_duvessa
D:5:      corexii_shantytown, nicolae_overflow_hidden_temple,
          lightli_ossuary_entry_decrepit_ruins, serial_shops, shop, tgw_sif
D:6:      old_standard_altar
D:8:      minmay_goldmine, fedhas_altar_3, hangedman_little_slice_of_home
D:9:      xom_confusion_cloud
D:10:     erik_lair_dragon, serial_shops, nicolae_shop_stone
D:11:     erik_orc_3, basic_altar
D:12:     lab_entry_generic
D:13:     hangedman_vaults_entry_quadrant_bands
D:14:     roderic_roman_lattice, minmay_more_statues
Temple:   nicolae_temple_figure_eight
Lair:2:   infiniplex_staircase_pool_2
Lair:3:   serial_bayou_shore_b
Lair:4:   minmay_shoals_entry_beasts, nicolae_spider_entry_non_spiders
Lair:5:   beast_lair_carwin_5, uniq_urug
Lair:6:   due_jungle_book, dpeg_slime_entry_enclosed_altar, minmay_lindwurm_lava
Shoals:1: serial_shops, shop, lemuel_oklob_altar, uniq_roxanne
Shoals:2: nicolae_alphabet_shops
Shoals:4: shoals_end_hangedman, shoal_ilsuiw
Spider:1: uniq_agnes
Spider:2: uniq_kirke, uniq_louise
Spider:4: spider_rune_water, spiders_nest_ghost_moth_duel
Orc:2:    st_orc_elflike
Elf:1:    elf_arrival_002, serial_shops, shop,
          portal_desolation_entry_holy_temple, orc_legates
Lab:      nicolae_lab_lava, nicolae_lab_hexagon, nicolae_lab_big_swirl
Ossuary:  minmay_ossuary_two_tombs

Skill      XL: |  1  2  3  4  5  6  7  8  9 10 11 12 13 14 15 16 |
---------------+-------------------------------------------------+-----
Long Blades    | 3 4 5 7 8 9 10 11 | 11.6
Fighting       | 3 4 5 6 7 8 10 11 12 13 | 13.2
Invocations    | 1 3 5 8 10 12 | 12.1
Armour         | 2 4 6 7 9 |  9.6
Dodging        | 4 6 8 |  8.7
Shields        | 3 5 |  5.7
Evocations     | 2 |  2.4
Unarmed Combat | 9 12 14 15 | 15.4
Throwing       | |  0.8
Spellcasting   | |  2.0
Translocations | |  2.6

Action                   |  1- 3 |  4- 6 |  7- 9 | 10-12 | 13-15 | 16-18 || total
-------------------------+-------+-------+-------+-------+-------+-------++-------
Melee: Falchion          |    82 |   287 |   272 |       |       |       ||   641
       Long sword        |       |       |   414 |   843 |       |       ||  1257
       Double sword      |       |       |       |   441 |   560 |       ||  1001
       Unarmed           |       |       |       |       |  1412 |   564 ||  1976
Invok: Lesser Servant of |       |       |     7 |    22 |    21 |     4 ||    54
       Major Destruction |       |       |       |       |    13 |       ||    13
       Greater Servant o |       |       |       |       |     2 |     1 ||     3
Evoke: Wand              |       |     9 |    15 |    13 |    11 |     3 ||    51
       Lamp of fire      |       |       |       |     1 |     2 |     2 ||     5
       Rod               |       |       |       |     6 |       |       ||     6
  Use: Scroll            |     1 |     6 |    10 |    16 |    14 |     8 ||    55
       Potion            |       |     1 |     2 |     6 |     2 |    10 ||    21
 Stab: Confused          |       |     8 |     7 |       |     1 |       ||    16
       Sleeping          |       |     1 |     1 |       |       |       ||     2
       Distracted        |       |       |     3 |     7 |    15 |     2 ||    27
       Petrified         |       |       |       |     5 |     1 |       ||     6
       Petrifying        |       |       |       |     2 |       |       ||     2
       Paralysed         |       |       |       |     2 |       |       ||     2
       Held in net/web   |       |       |       |     1 |       |       ||     1
  Eat: Chunk             |       |     3 |     7 |    10 |     9 |     3 ||    32
       Pizza             |       |       |     1 |     3 |     1 |       ||     5
       Royal jelly       |       |       |       |     6 |     3 |     2 ||    11
       Fruit             |       |       |       |     6 |     4 |       ||    10
       Beef jerky        |       |       |       |       |     3 |       ||     3
       Bread ration      |       |       |       |       |       |     1 ||     1
Armor: Leather armour    |    23 |    76 |   221 |    80 |       |       ||   400
       Skin              |       |     2 |       |       |       |       ||     2
       Fire dragon armou |       |       |       |   328 |   841 |   197 ||  1366
Dodge: Dodged            |    40 |   126 |   336 |   628 |  1593 |   349 ||  3072
Block: Buckler           |       |       |       |   396 |   818 |   179 ||  1393
       Reflection        |       |       |       |    25 |    18 |    23 ||    66
